 Dungeon Crawl Stone Soup version 0.29.0-5-ge4962eb29e (webtiles) character file.

Game seed: 4763172458631391910

107062 themarg the Fighter (level 16, -4/129 HPs)
             Began as a Gnoll Wanderer on Aug 28, 2022.
             Was the Champion of Nemelex Xobeh.
             Killed from afar by a wretched star (27 damage)
             ... with a lance of force
             ... on level 2 of the Abyss on Aug 29, 2022.
             The game lasted 04:28:36 (32579 turns).

themarg the Fighter (Gnoll Wanderer)               Turns: 32579, Time: 04:28:36

Health: -4/129     AC: 19    Str: 19    XL:     16   Next: 45%
Magic:  8/28       EV: 19    Int: 12    God:    Nemelex Xobeh [******]
Gold:   1667       SH:  5    Dex: 19    Spells: 11/38 levels left

rFire   . . .      SeeInvis .   a - +3 demon trident (freeze)
rCold   . . .      Faith    .   (no shield)
rNeg    . . .      Spirit   .   F - +0 acid dragon scales
rPois   +          Reflect  +   M - +1 helmet
rElec   .          Harm     .   J - +0 cloak
rCorr   +          Rampage  .   p - +1 pair of gloves
Will    +....                   g - +2 pair of boots
Stlth   +++++.....              n - amulet of reflection
HPRegen 0.31/turn               f - ring of Wu Jian, Holding {rPois Dex+3}
MPRegen 0.21/turn               D - ring of Qegytse {rCorr Dex+4}

@: animating dead (expiring)
A: fangs 1, strong nose, distributed training, low MP 1, [subdued magic 2]
a: Renounce Religion, Draw Escape, Draw Destruction, Draw Summoning, Triple
Draw, Deal Four, Stack Five


You were on level 2 of the Abyss.
You worshipped Nemelex Xobeh.
Nemelex Xobeh was exalted by your worship.
You visited 5 branches of the dungeon, and saw 22 of its levels.
You visited the Abyss 1 time.
You also visited: Sewer and Ice Cave.

You collected 2902 gold pieces.
You spent 1235 gold pieces at shops.

Inventory:

Hand Weapons
 a - a +3 demon trident of freezing (weapon)
 b - the +6 mace of Reinforcement {protect, rPois rF- rN+ Str+9 Int+4}
   (You found it on level 8 of the Dungeon)

   It grants its wielder temporary protection when it strikes (+7 to AC).
   Str:       It affects your strength (+9).
   Int:       It affects your intelligence (+4).
   rF:        It makes you vulnerable to fire.
   rPois:     It protects you from poison.
   rN:        It protects you from negative energy.
 L - a +3 spectral quarterstaff
Missiles
 P - 52 poisoned darts
 V - 10 curare-tipped darts
Armour
 g - a +2 pair of boots (worn)
 p - a +1 pair of gloves (worn)
 F - +0 acid dragon scales (worn)
 J - a +0 cloak (worn)
 M - a +1 helmet (worn)
Jewellery
 f - the ring of Wu Jian, Holding (left hand) {rPois Dex+3}
   (You acquired it on level 3 of the Dungeon)

   [ring of poison resistance]

   Dex:       It affects your dexterity (+3).
   rPois:     It protects you from poison.
 n - an amulet of reflection (around neck)
 s - a ring of protection from cold
 D - the ring of Qegytse (right hand) {rCorr Dex+4}
   (You found it on level 3 of the Spider Nest)

   [ring of resist corrosion]

   Dex:       It affects your dexterity (+4).
   rCorr:     It protects you from acid and corrosion.
 T - a ring of positive energy
 U - the ring of Ruigeku {rF- rC+ Dex+4 SInv}
   (You found it on level 2 of the Lair of Beasts)

   [ring of see invisible]

   Dex:       It affects your dexterity (+4).
   rF:        It makes you vulnerable to fire.
   rC:        It protects you from cold.
   SInv:      It lets you see invisible.
 W - a ring of resist corrosion
 Y - the ring of the Thistle {rPois rN+}
   (You found it on level 10 of the Dungeon)

   [ring of positive energy]

   rPois:     It protects you from poison.
   rN:        It protects you from negative energy.
Wands
 y - a wand of charming (12)
 G - a wand of flame (28) (quivered)
 O - a wand of acid (3)
 Z - a wand of polymorph (4)
Scrolls
 d - 3 scrolls of enchant weapon
 e - 8 scrolls of teleportation
 h - 4 scrolls of immolation
 k - a scroll of enchant armour
 m - 2 scrolls of poison
 q - 2 scrolls of summoning
 t - 9 scrolls of fog
 u - a scroll of amnesia {unknown}
 v - 3 scrolls of silence
 x - 5 scrolls of vulnerability
 z - 6 scrolls of fear
 B - 2 scrolls of noise
 E - a scroll of magic mapping
 S - 2 scrolls of identify
Potions
 c - 3 potions of mutation
 i - 4 potions of flight
 j - 5 potions of brilliance
 l - 4 potions of attraction
 o - 10 potions of might
 r - 9 potions of curing
 w - a potion of magic
 A - 3 potions of lignification
 C - 5 potions of haste
 H - 2 potions of cancellation
 I - a potion of invisibility
 K - 4 potions of degeneration
 N - a potion of ambrosia {unknown}
 Q - 3 potions of resistance
 R - a potion of berserk rage
Miscellaneous
 X - a condenser vane


   Skills:
 + Level 12.9 Fighting
 + Level 11.3 Short Blades
 + Level 11.3 Long Blades
 + Level 11.3 Axes
 + Level 11.3 Maces & Flails
 + Level 11.3 Polearms
 + Level 11.3 Staves
 + Level 11.3 Ranged Weapons
 + Level 11.3 Throwing
 + Level 11.3 Armour
 + Level 11.3 Dodging
 + Level 11.5 Stealth
 + Level 11.3 Shields
 + Level 11.3 Unarmed Combat
 + Level 11.6 Spellcasting
 + Level 9.5 Conjurations
 + Level 9.5 Hexes
 + Level 9.5 Summonings
 + Level 11.8 Necromancy
 + Level 9.5 Translocations
 + Level 9.5 Transmutations
 + Level 9.5 Fire Magic
 + Level 9.5 Ice Magic
 + Level 9.5 Air Magic
 + Level 9.5 Earth Magic
 + Level 9.5 Poison Magic
 + Level 12.2 Invocations
 + Level 11.6 Evocations


You had 11 spell levels left.
You knew the following spells:

 Your Spells              Type           Power      Damage    Failure   Level
a - Necrotise             Necr           88%        1d8       1%          1
b - Call Canine Familiar  Summ           18%        N/A       1%          3
c - Poisonous Vapours     Pois/Air       36%        N/A       1%          2
d - Animate Dead          Necr           22%        N/A       1%          4
e - Summon Guardian Gole  Hex/Summ       18%        N/A       1%          3
f - Flame Wave            Conj/Fire      18%        2d7       1%          4
g - Irradiate             Conj/Tmut      9%         3d14      4%          5
h - Borgnjor's Vile Clut  Necr/Erth      10%        N/A       2%          5

Your spell library contained the following spells:

 Spells                   Type           Power      Damage    Failure   Level
 Foxfire                  Conj/Fire      72%        2x1d7     1%          1
 Freeze                   Ice            72%        1d9       1%          1
 Magic Dart               Conj           72%        1d6       1%          1
 Sandblast                Erth           36%        2d10      1%          1
 Sting                    Tmut/Pois      72%        1d6       1%          1
 Summon Small Mammal      Summ           72%        N/A       1%          1
 Call Imp                 Summ           18%        N/A       1%          2
 Passwall                 Tmut/Erth      15%        N/A       1%          2
 Conjure Flame            Conj/Fire      18%        6-21      1%          3
 Frozen Ramparts          Ice            36%        1d6       1%          3
 Inner Flame              Hex/Fire       18%        N/A       1%          3
 Mephitic Cloud           Conj/Pois/Air  18%        N/A       1%          3
 Stone Arrow              Conj/Erth      36%        3d9       1%          3
 Animate Armour           Summ/Erth      36%        N/A       1%          4
 Corpse Rot               Necr/Pois/Air  19%        N/A       1%          4
 Hailstorm                Conj/Ice       18%        3d6       1%          4
 Ice Form                 Ice/Tmut       18%        N/A       1%          4
 Olgreb's Toxic Radiance  Pois           18%        N/A       1%          4
 Petrify                  Tmut/Erth      18%        N/A       1%          4
 Alistair's Intoxication  Tmut/Pois      12%        N/A       4%          5
 Blade Hands              Tmut           9%         N/A       4%          5
 Fireball                 Conj/Fire      9%         3d6       4%          5
 Metabolic Englaciation   Hex/Ice        9%         N/A       4%          5
 Simulacrum               Ice/Necr       10%        N/A       17%         6
 Eringya's Noxious Bog    Tmut/Pois      9%         N/A       28%         6
 Starburst                Conj/Fire      9%         6d5       28%         6
 Statue Form              Tmut/Erth      12%        N/A       28%         6
 Dragon Form              Tmut           9%         N/A       87%         7
 Ozocubu's Refrigeration  Ice            9%         4d9       87%         7
 Ignition                 Fire           9%         3d5       100%        8
 Lehudib's Crystal Spear  Conj/Erth      9%         10d4      100%        8


Dungeon Overview and Level Annotations

Branches:
Dungeon (11/15)            Temple (1/1) D:6            Lair (5/5) D:8
  Swamp (0/4) Lair:2       Spider (3/4) Lair:3        Slime (0/5) Lair:5
    Orc (2/2) D:10            Elf (0/3) Orc:2         Sewer (visited)
  IceCv (visited)

Altars:
Ashenzari
Cheibriados
Dithmenos
Elyvilon
Fedhas
Gozag
Hepliaklqana
Kikubaaqudgha
Makhleb
Nemelex Xobeh
Okawaru
Qazlal
Ru
Sif Muna
Trog
Uskayaw
Vehumet
Wu Jian
Xom
Yredelemnul
Zin
The Shining One

Shops:
Orc:2 =![:*

Annotations:
Lair:1 exclusion: downstairs
Lair:3 Nefuv's ghost, journeyman MiBe
Lair:4 2 transporters, Zaegoraum's ghost, journeyman DsAK
Orc:1 2 transporters


Innate Abilities, Weirdness & Mutations

You have very sharp teeth.
Your uncanny sense of smell can sniff out nearby items.
Your experience applies equally to all skills.
Your magical capacity is low. (-10% MP)
[Your spells are easier to cast, but less powerful.]


Message History

Your magical contamination has completely faded away.
Reach: a) +3 demon trident (freeze)
Press: ? - help, Dir - move target, f/p - wretched star
Aim: a wretched star (heavily damaged, ally target, about 27% to evade your +3 demon trident of freezing)
You could not reach far enough!
Your centaur warrior hits the wretched star.
Your centaur warrior kicks the wretched star.
Reach: a) +3 demon trident (freeze)
Press: ? - help, Dir - move target, f/p - wretched star
Aim: a wretched star (severely damaged, not watching you, ally target, about 27% to evade your +3 demon trident of freezing)
You could not reach far enough!
Your centaur warrior hits the wretched star but does no damage.
Your centaur warrior barely misses the wretched star.
The wretched star glows turbulently.
The lance of force hits your centaur warrior!!
Your centaur warrior dies!
Your centaur warrior's corpse disappears in a puff of smoke!
You cannot cast spells when silenced!
Reach: a) +3 demon trident (freeze)
Press: ? - help, Dir - move target, f/p - wretched star
Aim: a wretched star (severely damaged, about 27% to evade your +3 demon trident of freezing)
You reach to attack!
You puncture the wretched star!
The wretched star is almost destroyed.
You feel your health improve.
The wretched star glows turbulently.
The lance of force misses you.
Reach: a) +3 demon trident (freeze)
Press: ? - help, Dir - move target, f/p - wretched star
Aim: a wretched star (almost destroyed, about 27% to evade your +3 demon trident of freezing)
You reach to attack!
You closely miss the wretched star.
The wretched star is almost destroyed.
Reach: a) +3 demon trident (freeze)
Press: ? - help, Dir - move target, f/p - wretched star
Aim: a wretched star (silenced, almost destroyed, unaffected by silence, about 27% to evade your +3 demon trident of freezing)
You reach to attack!
You puncture the wretched star!
The wretched star is almost destroyed.
The wretched star glows turbulently.
The lance of force hits you!!
You die...
Your body disappears without a glow.

~ ~ ~....
..... ~ ~..
.# . #
~≈.~...#
.... ~ .x.
p.# ... . ~
#.##c### #
### # . #
c*# ..# ##
.#..###.##
## ..#*.#.#
# .# #.@.#
...#.###..#
... ..##
..... .
..## ...
##..#.. . .
#..#... ###
.#.... . #.
## ..


You could see a wretched star (unsilenced).

Vanquished Creatures
  Bai Suzhen (Spider:3)
  Arachne (Spider:2)
  Roxanne (Spider:2)
  A broodmother (Spider:2)
  3 dire elephants
  2 entropy weavers
  An ettin (Orc:2)
  A rakshasa (Abyss:2)
  A hydra (Lair:5)
  2 radroaches
  5 two-headed ogres
  2 ogre magi (Orc:2)
  6 death yaks
  A thrashing horror (Abyss:2)
  A spatial maelstrom (Abyss:2)
  A spectral anaconda (Lair:5)
  A spectral death yak (Lair:5)
  A death drake (Spider:3)
  2 steelbarb worms (Spider:3)
  An orb spider (Spider:3)
  Pikel (D:4)
  3 wolf spiders
  A harpy (Orc:2)
  2 necromancers (Lair:5)
  A manticore (Orc:1)
  7 elephants
  An ice statue (IceCv)
  2 black mambas
  A torpor snail (Spider:2)
  An orange demon (Abyss:2)
  4 cane toads
  Maggie (D:9)
  A dire elephant skeleton (Lair:5)
  A steelbarb worm zombie (Spider:3)
  4 demonic crawlers
  5 rime drakes
  2 ancient zymes (Abyss:2)
  A death drake zombie (Spider:3)
  A demonic crawler zombie (Spider:3)
  A moth of wrath zombie (Spider:3)
  6 polar bears
  A culicivora zombie (Spider:3)
  12 blink frogs
  A hornet (D:9)
  7 tarantellas
  A tarantella zombie (Spider:3)
  14 jumping spiders
  2 shadows
  5 culicivoras
  6 wraiths
  3 wyverns
  28 yaks
  2 death yak simulacra (Lair:5)
  11 redbacks
  A steam dragon (D:8)
  A spatial vortex (Abyss:2)
  2 swamp worms (Lair:2)
  8 water moccasins
  An acid dragon (D:5)
  A nameless horror (D:7)
  6 orc warriors
  5 black bears
  14 wolves
  2 centaurs (D:7)
  7 ogres (Orc:2)
  4 phantoms
  9 kobold brigands
  A gnoll sergeant (D:7)
  8 bullfrogs
  3 scorpions (D:6)
  A water moccasin zombie (Lair:5)
  A cane toad simulacrum (Lair:5)
  7 wights
  16 killer bees
  A troll zombie (D:10)
  4 howler monkeys
  2 electric eels
  A crimson imp (D:5)
  5 hounds
  2 jellies
  6 orc priests
  An iron imp (D:3)
  Jessica (D:2)
  5 iguanas
  7 orc wizards
  3 hell rats (Lair:3)
  3 ogre zombies (D:10)
  Robin (D:2)
  9 gnolls
  8 adders
  6 river rats
  A shadow imp (D:6)
  A white imp (D:8)
  A worm (D:6)
  2 dart slugs
  28 orcs
  An endoplasm (D:1)
  7 giant cockroaches
  17 goblins
  12 hobgoblins
  19 kobolds
  7 quokkas
  10 ball pythons
  6 bats
  3 frilled lizards
  A goblin skeleton (D:10)
  2 goblin zombies (D:10)
  2 hobgoblin skeletons (D:10)
  A hobgoblin zombie (D:10)
  5 orc zombies (D:10)
  27 rats
491 creatures vanquished.

Vanquished Creatures (collateral kills)
  A storm dragon (Lair:5)
  A frost giant (IceCv)
  2 entropy weavers
  2 boulder beetles
  2 hydras
  6 two-headed ogres (Orc:2)
  An ogre mage (Orc:2)
  A radroach (Spider:2)
  A death yak (IceCv)
  An orc high priest (Orc:1)
  5 orb spiders
  A steelbarb worm (Spider:1)
  An obsidian statue (Lair:5)
  A wolf spider zombie (Spider:2)
  A cyclops (D:11)
  4 wolf spiders
  3 elephants (Lair:5)
  A moth of wrath (Spider:3)
  2 black mambas
  An unseen horror (D:11)
  2 komodo dragons
  A freezing wraith (Abyss:2)
  4 rime drakes
  3 meliai (Spider:1)
  A troll (D:11)
  8 tarantellas
  A large abomination (Abyss:2)
  A culicivora zombie (Spider:3)
  5 blink frogs
  A polar bear (IceCv)
  A tarantella zombie (Spider:2)
  6 jumping spiders
  2 starcursed masses (Abyss:2)
  8 culicivoras
  A wraith (Abyss:2)
  A fire bat (Orc:2)
  6 yaks
  2 steam dragons
  A basilisk (Lair:2)
  2 small abominations (Abyss:2)
  9 redbacks
  An acid dragon (D:8)
  A spatial vortex (Abyss:2)
  A swamp worm (Orc:2)
  7 water moccasins
  3 orc warriors
  5 wolves
  6 ogres (Orc:2)
  3 kobold brigands (Orc:1)
  4 bullfrogs
  A cane toad simulacrum (Lair:5)
  A gnoll sergeant (D:8)
  A wight (D:9)
  A yak zombie (Lair:5)
  2 killer bees (D:11)
  An elephant simulacrum (Lair:5)
  A troll zombie (D:10)
  2 electric eels
  3 howler monkeys (D:9)
  A hound (Orc:2)
  3 orc priests
  3 orc wizards
  An ogre zombie (D:10)
  5 gnolls
  An ufetubus (Abyss:2)
  15 orcs
  A ball python (Orc:2)
  7 bats (Lair:3)
  A goblin zombie (D:10)
  A hobgoblin skeleton (D:10)
  A hobgoblin zombie (D:10)
  3 kobolds
  2 orc skeletons (D:10)
  3 orc zombies (D:10)
196 creatures vanquished.

Vanquished Creatures (others)
  Josephine (D:11)
  A boulder beetle (D:11)
  5 two-headed ogres (Orc:2)
  2 death yaks (IceCv)
  An entropy weaver zombie (Spider:2)
  3 wolf spider zombies
  A necromancer (Lair:5)
  A cyclops (D:11)
  A dire elephant zombie (Abyss:2)
  7 elephants
  A gargoyle (D:10)
  A redback zombie (Spider:2)
  2 orb spider zombies
  A kobold demonologist (Orc:1)
  4 death yak zombies (IceCv)
  A harpy zombie (Orc:2)
  A demonic crawler zombie (Spider:1)
  A hydra zombie (Lair:5)
  4 blink frogs (Lair:3)
  2 culicivora zombies (Spider:1)
  3 tarantella zombies
  A radroach zombie (Spider:2)
  4 jumping spider zombies
  6 yaks
  2 basilisks (Lair:2)
  A human zombie (D:11)
  A fire bat zombie (Orc:2)
  2 two-headed ogre zombies (Orc:2)
  An orc warrior (Orc:1)
  3 elephant zombies
  3 ogres (Orc:2)
  8 blink frog zombies
  2 wolves (Lair:4)
  2 rime drake zombies
  3 kobold brigands (Orc:1)
  A gnoll sergeant (D:11)
  A water moccasin zombie (Lair:3)
  3 polar bear zombies (IceCv)
  7 yak zombies
  5 wolf zombies
  An orc priest (Orc:2)
  2 hell rats (Lair:3)
  2 killer bee zombies (D:11)
  6 ogre zombies (Orc:2)
  A hound zombie (Orc:2)
  A howler monkey zombie (Orc:2)
  3 gnoll zombies (D:11)
  A steam dragon zombie (Orc:2)
  3 bat zombies (Lair:3)
  A kobold (Orc:1)
  12 kobold zombies (Orc:1)
  9 orc zombies
  36 fungi
  81 plants
  28 withered plants (Lair:5)
287 creatures vanquished.

Grand Total: 974 creatures vanquished

Notes
Turn   | Place    | Note
-------+----------+-------------------------------------------
     0 | D:1      | themarg the Gnoll Wanderer began the quest for the Orb.
     0 | D:1      | themarg set off with the following items: a +0 club, a +0
                  | pair of gloves, a potion of berserk rage, a +0 leather
                  | armour, a scroll of teleportation; and the following spell
                  | memorised: Necrotise; and the following spells available to
                  | memorise: Animate Dead, Corpse Rot.
     0 | D:1      | Reached XP level 1. HP: 23/23 MP: 4/4
   351 | D:1      | Reached XP level 2. HP: 22/29 MP: 5/5
   916 | D:2      | Noticed Jessica
   951 | D:2      | Killed Jessica
   952 | D:2      | Reached skill level 1 in Short Blades
   952 | D:2      | Reached skill level 1 in Long Blades
   952 | D:2      | Reached skill level 1 in Axes
   952 | D:2      | Reached skill level 1 in Maces & Flails
   952 | D:2      | Reached skill level 1 in Polearms
   952 | D:2      | Reached skill level 1 in Staves
   952 | D:2      | Reached skill level 1 in Ranged Weapons
   952 | D:2      | Reached skill level 1 in Throwing
   952 | D:2      | Reached skill level 1 in Armour
   952 | D:2      | Reached skill level 1 in Dodging
   952 | D:2      | Reached skill level 1 in Shields
   952 | D:2      | Reached skill level 1 in Unarmed Combat
   952 | D:2      | Reached skill level 1 in Invocations
   952 | D:2      | Reached XP level 3. HP: 11/35 MP: 7/7
  1241 | D:2      | Reached XP level 4. HP: 41/41 MP: 8/8
  1389 | D:2      | Reached skill level 1 in Conjurations
  1389 | D:2      | Reached skill level 1 in Hexes
  1389 | D:2      | Reached skill level 1 in Summonings
  1389 | D:2      | Reached skill level 1 in Translocations
  1389 | D:2      | Reached skill level 1 in Transmutations
  1389 | D:2      | Reached skill level 1 in Fire Magic
  1389 | D:2      | Reached skill level 1 in Ice Magic
  1389 | D:2      | Reached skill level 1 in Air Magic
  1389 | D:2      | Reached skill level 1 in Earth Magic
  1389 | D:2      | Reached skill level 1 in Poison Magic
  1476 | D:2      | Noticed Robin
  1623 | D:2      | Killed Robin
  2134 | D:3      | Identified 3 scrolls of acquirement
  2139 | D:3      | Acquired 686 gold pieces
  2141 | D:3      | Acquired a +2 demon trident of freezing
  2142 | D:3      | Acquired the ring of Wu Jian, Holding {rPois Dex+3}
  2256 | D:3      | Reached XP level 5. HP: 47/47 MP: 9/9
  2746 | D:3      | Found a snail-covered altar of Cheibriados.
  2853 | D:3      | Found a faded altar of an unknown god.
  3224 | D:4      | Noticed a phantom
  3250 | D:4      | Killed a phantom
  3251 | D:4      | Reached XP level 6. HP: 47/53 MP: 9/11
  3516 | D:4      | Noticed Pikel
  3536 | D:4      | Killed Pikel
  3537 | D:4      | Reached XP level 7. HP: 35/60 MP: 11/13
  3825 | D:4      | Found a blossoming altar of Fedhas.
  4247 | D:5      | Entered Level 5 of the Dungeon
  4312 | D:5      | Found a glowing silver altar of Zin.
  4362 | D:5      | Reached XP level 8. HP: 67/67 MP: 14/14
  4373 | D:5      | Found a burning altar of Makhleb.
  5233 | D:6      | Found a staircase to the Ecumenical Temple.
  5246 | Temple   | Entered the Ecumenical Temple
  5266 | Temple   | Became a worshipper of Nemelex Xobeh the Trickster
  5482 | D:6      | Reached XP level 9. HP: 72/73 MP: 16/16
  5495 | D:6      | Reached skill level 5 in Spellcasting
  5571 | D:6      | Found a glowing drain.
  5579 | Sewer    | Entered a sewer
  6114 | D:6      | Reached skill level 5 in Evocations
  6200 | D:6      | Found an opulent altar of Gozag.
  6259 | D:6      | Noticed a two-headed ogre
  6371 | D:6      | Reached * piety under Nemelex Xobeh
  6436 | D:6      | Found a broken altar of Ashenzari.
  6448 | D:6      | Found a shadowy altar of Dithmenos.
  6582 | D:6      | Reached skill level 5 in Stealth
  7742 | D:6      | Learned a level 3 spell: Call Canine Familiar
  7745 | D:6      | Learned a level 2 spell: Poisonous Vapours
  7932 | D:7      | Reached skill level 5 in Invocations
  8588 | D:8      | Received a gift from Nemelex Xobeh
  8826 | D:8      | Found a staircase to the Lair.
  8826 | D:8      | Noticed an elephant
  8871 | D:8      | Reached skill level 5 in Short Blades
  8871 | D:8      | Reached skill level 5 in Long Blades
  8871 | D:8      | Reached skill level 5 in Axes
  8871 | D:8      | Reached skill level 5 in Maces & Flails
  8871 | D:8      | Reached skill level 5 in Polearms
  8871 | D:8      | Reached skill level 5 in Staves
  8871 | D:8      | Reached skill level 5 in Ranged Weapons
  8871 | D:8      | Reached skill level 5 in Throwing
  8871 | D:8      | Reached skill level 5 in Armour
  8871 | D:8      | Reached skill level 5 in Dodging
  8871 | D:8      | Reached skill level 5 in Shields
  8871 | D:8      | Reached skill level 5 in Unarmed Combat
  8871 | D:8      | Reached XP level 10. HP: 54/81 MP: 15/18
  9096 | D:8      | Found a bloodstained altar of Trog.
  9120 | D:8      | Identified the +6 mace of Reinforcement {protect, rPois rF-
                  | rN+ Str+9 Int+4}
  9764 | D:8      | Killed an elephant
 10378 | D:9      | Noticed Maggie
 10448 | Lair:1   | Entered Level 1 of the Lair of Beasts
 10457 | Lair:1   | Reached ** piety under Nemelex Xobeh
 10504 | Lair:1   | Received a gift from Nemelex Xobeh
 10783 | Lair:1   | Reached skill level 5 in Conjurations
 10783 | Lair:1   | Reached skill level 5 in Hexes
 10783 | Lair:1   | Reached skill level 5 in Summonings
 10783 | Lair:1   | Reached skill level 5 in Translocations
 10783 | Lair:1   | Reached skill level 5 in Transmutations
 10783 | Lair:1   | Reached skill level 5 in Fire Magic
 10783 | Lair:1   | Reached skill level 5 in Ice Magic
 10783 | Lair:1   | Reached skill level 5 in Air Magic
 10783 | Lair:1   | Reached skill level 5 in Earth Magic
 10783 | Lair:1   | Reached skill level 5 in Poison Magic
 10783 | Lair:1   | Reached XP level 11. HP: 55/89 MP: 15/21
 11048 | Lair:1   | Learned a level 4 spell: Animate Dead
 11052 | Lair:1   | Learned a level 3 spell: Summon Guardian Golem
 11781 | Lair:2   | Found a staircase to the Swamp.
 12298 | Lair:2   | Noticed a boulder beetle
 12351 | Lair:2   | Noticed a four-headed hydra
 12618 | Lair:2   | Identified the +2 leather armour of Sestra Qynti {rElec
                  | Will- Str+6}
 12809 | Lair:2   | Reached *** piety under Nemelex Xobeh
 12811 | Lair:2   | Received a gift from Nemelex Xobeh
 12834 | Lair:2   | Killed a boulder beetle
 12908 | Lair:2   | Identified the ring of Ruigeku {rF- rC+ Dex+4 SInv}
 13042 | Lair:2   | Reached XP level 12. HP: 97/97 MP: 20/23
 13302 | Lair:2   | Killed a four-headed hydra
 13492 | Lair:3   | Found a runed translucent gate.
 13492 | Lair:3   | Found a runed translucent gate.
 13646 | Lair:3   | Found a runed translucent gate.
 13646 | Lair:3   | Noticed Nefuv's ghost (journeyman MiBe)
 13766 | Lair:3   | Received a gift from Nemelex Xobeh
 13891 | Lair:3   | Reached skill level 10 in Fighting
 13980 | Lair:3   | Noticed a six-headed hydra
 13989 | Lair:3   | Reached **** piety under Nemelex Xobeh
 13989 | Lair:3   | Received a gift from Nemelex Xobeh
 14222 | Lair:3   | Found a hole to the Spider Nest.
 14778 | Lair:4   | Noticed Zaegoraum's ghost (journeyman DsAK)
 14782 | Lair:4   | Found a transporter.
 14786 | Lair:4   | Noticed a rakshasa
 14802 | Lair:4   | Received a gift from Nemelex Xobeh
 14939 | Lair:4   | Reached ***** piety under Nemelex Xobeh
 14971 | Lair:4   | Found a transporter.
 15406 | Lair:4   | Received a gift from Nemelex Xobeh
 15811 | D:9      | Killed Maggie
 15929 | D:9      | Identified the +3 spear of Death's Door {drain, Dex+2}
 16117 | D:9      | Found a hazy altar of Hepliaklqana.
 16287 | D:10     | Entered Level 10 of the Dungeon
 16324 | D:10     | Found a basalt altar of Yredelemnul.
 16327 | D:10     | Identified the ring of the Thistle {rPois rN+}
 16352 | D:10     | Received a gift from Nemelex Xobeh
 16853 | D:10     | Reached XP level 13. HP: 93/104 MP: 25/25
 16892 | D:10     | Found a staircase to the Orcish Mines.
 17107 | D:10     | Received a gift from Nemelex Xobeh
 17324 | D:10     | Found a white marble altar of Elyvilon.
 17487 | D:10     | Found a sacrificial altar of Ru.
 17792 | Orc:1    | Entered Level 1 of the Orcish Mines
 17885 | Orc:1    | Received a gift from Nemelex Xobeh
 17960 | Orc:1    | Reached skill level 10 in Necromancy
 18305 | Orc:1    | Found a transporter.
 18317 | Orc:1    | Noticed an orc warlord
 18517 | Orc:1    | Found a transporter.
 18701 | Orc:2    | Entered Level 2 of the Orcish Mines
 18759 | Orc:2    | Received a gift from Nemelex Xobeh
 18959 | Orc:2    | Noticed an ettin
 18975 | Orc:2    | Killed an ettin
 19012 | Orc:2    | Found a staircase to the Elven Halls.
 19935 | Orc:2    | Found Hiset's Jewellery Emporium.
 19935 | Orc:2    | Found Vodoed's Distillery.
 19936 | Orc:2    | Found Musuxulasm's Antique Armour Shop.
 19936 | Orc:2    | Found Hoiqet's Book Shoppe.
 19971 | Orc:2    | Found Teleps's Overcharged Wands.
 19981 | Orc:2    | Reached skill level 10 in Invocations
 19981 | Orc:2    | Reached XP level 14. HP: 108/113 MP: 27/27
 20157 | Orc:1    | Received a gift from Nemelex Xobeh
 20435 | Orc:2    | Bought a potion of resistance for 170 gold pieces
 20435 | Orc:2    | Bought a potion of curing for 51 gold pieces
 20690 | D:11     | Noticed Josephine
 20690 | D:11     | Found a frozen archway.
 20708 | IceCv    | Entered an ice cave
 21623 | IceCv    | Learned a level 4 spell: Flame Wave
 21815 | IceCv    | Reached skill level 10 in Spellcasting
 21913 | IceCv    | Noticed a frost giant
 21945 | IceCv    | Reached skill level 10 in Evocations
 21981 | IceCv    | Killed a frost giant
 22121 | IceCv    | Reached skill level 10 in Stealth
 22291 | D:11     | Killed Josephine
 22298 | D:11     | Your ally Josephine died
 23532 | D:11     | Found a blossoming altar of Fedhas.
 23743 | Lair:5   | Entered Level 5 of the Lair of Beasts
 23756 | Lair:5   | Received a gift from Nemelex Xobeh
 23760 | Lair:5   | Found a staircase to the Slime Pits.
 24293 | Lair:5   | Reached skill level 10 in Short Blades
 24293 | Lair:5   | Reached skill level 10 in Long Blades
 24293 | Lair:5   | Reached skill level 10 in Axes
 24293 | Lair:5   | Reached skill level 10 in Maces & Flails
 24293 | Lair:5   | Reached skill level 10 in Polearms
 24293 | Lair:5   | Reached skill level 10 in Staves
 24293 | Lair:5   | Reached skill level 10 in Ranged Weapons
 24293 | Lair:5   | Reached skill level 10 in Throwing
 24293 | Lair:5   | Reached skill level 10 in Armour
 24293 | Lair:5   | Reached skill level 10 in Dodging
 24293 | Lair:5   | Reached skill level 10 in Shields
 24293 | Lair:5   | Reached skill level 10 in Unarmed Combat
 24493 | Lair:5   | Reached ****** piety under Nemelex Xobeh
 24873 | Lair:5   | Reached XP level 15. HP: 98/120 MP: 20/29
 26024 | Lair:5   | Received a gift from Nemelex Xobeh
 26282 | Lair:5   | Noticed a storm dragon
 26282 | Lair:5   | a dire elephant changed into a storm dragon
 26798 | Lair:5   | Killed a storm dragon
 27599 | Orc:2    | Bought a book of Transfigurations for 520 gold pieces
 27599 | Orc:2    | Bought Great Wizards, Vol. II for 494 gold pieces
 27762 | Lair:4   | Learned a level 5 spell: Irradiate
 27768 | Lair:4   | Learned a level 5 spell: Borgnjor's Vile Clutch
 27887 | Spider:1 | Entered Level 1 of the Spider Nest
 27887 | Spider:1 | Received a gift from Nemelex Xobeh
 28676 | Spider:1 | Received a gift from Nemelex Xobeh
 29091 | Spider:2 | Gained mutation: Your magical capacity is low. (-10% MP)
                  | [mutagenic glow]
 29347 | Spider:2 | You fall into a shaft and drop 1 floor!
 29376 | Spider:3 | Noticed Bai Suzhen
 29417 | Spider:3 | Killed Bai Suzhen
 29606 | Spider:3 | Identified the ring of Qegytse {rCorr Dex+4}
 29638 | Spider:2 | Reached XP level 16. HP: 49/129 MP: 1/28
 30370 | Spider:2 | Noticed Roxanne
 30398 | Spider:2 | Noticed Arachne
 30553 | Spider:2 | Killed Arachne
 31059 | Spider:2 | Killed Roxanne
 31667 | Spider:3 | Received a gift from Nemelex Xobeh
 32359 | Abyss:2  | Cast into level 2 of the Abyss (Nefuv's ghost)
 32369 | Abyss:2  | Received a gift from Nemelex Xobeh
 32579 | Abyss:2  | Killed from afar by a wretched star

Illustrated notes

Levels and vault maps discovered:
D:1:      minmay_arrival_up_and_down, layout_rooms
D:2:      layout_loops_cross, kennysheep_another_room, due_unseen_surprise,
          uniq_jessica, uniq_robin
D:3:      wander_river, layout_loops_corners, slow_altar_1,
          ebering_ecumenical_altar_hall, dk_vineyard_3
D:4:      layout_basic, lemuel_tele_altar, minmay_misc_feat_nine_boxes,
          uniq_pikel
D:5:      layout_loops_cross, mainiacjoe_overflow_catwalk, makhleb_grotto_becter
D:6:      layout_cave_pools, mainiacjoe_overflow_tiny_flanked,
          marbit_many_paths, cheibrodos_ashenzari_chains,
          minmay_temple_entry_ruins, gup_sewer_entry_bubbles,
          minmay_misc_feat_room, amcnicky_mini_corridor_feature
D:7:      layout_cave_pools, kennysheep_generic_room_12
D:8:      layout_basic, lemuel_crystal_altar, david_lair_generic
D:9:      layout_roguey, nicolae_hepliaklqana_hazy_memory,
          chequers_serial_rivers_marsh, uniq_maggie
D:10:     layout_loops_corners, mainiacjoe_overflow_24_doors,
          nicolae_ru_the_path_less_chosen, elyvilon_altar_5, zombieorc1_lemuel
D:11:     layout_loops_ring, portal_ice_cave_entry_pillars_2, fedhas_altar_4,
          uniq_josephine
Temple:   eino_temple_lava
Lair:1:   layout_gridlike
Lair:2:   layout_roguey, nicolae_swamp_entry_splash_gauntlet
Lair:3:   layout_chaotic_city, spider_nest_entry_web_field,
          gammafunk_ghost_split, roderic_batcave, serial_bayou_shore_a
Lair:4:   layout_gridlike, gammafunk_ghost_abyssal_escape, grunt_megastairs_3
Lair:5:   due_jungle_book, layout_gridlike, slime_entry_1, serial_bayou_lagoon_b
Spider:1: layout_spider_delve
Spider:2: nicolae_spider_hilbert_zone_5 [nicolae_spider_hilbert_3_sides_1_open,
          nicolae_spider_hilbert_4_sides_1_open,
          nicolae_spider_hilbert_4_sides_1_open,
          nicolae_spider_hilbert_6_sides_1_open,
          nicolae_spider_hilbert_6_sides_1_open], nicolae_spider_stair_cavern,
          uniq_arachne, uniq_roxanne
Spider:3: layout_spider_delve, guppyfry_spider_mini_1, uniq_bai_suzhen
Orc:1:    gammafunk_beogh_shrine, layout_diamond_mine, special_room
          [special_room_kobold]
Orc:2:    st_orc_ogre_mass, layout_diamond_mine, basic_altar,
          hellmonk_bongcloud_opening, nicolae_shop_overcharged_wands
Abyss:2:  base:
Temple

Skill      XL: |  1  2  3  4  5  6  7  8  9 10 11 12 13 14 15 16 |
---------------+-------------------------------------------------+-----
Short Blades   | 1 2 3 5 6 7 8 9 10 11 | 11.3
Long Blades    | 1 2 3 5 6 7 8 9 10 11 | 11.3
Axes           | 1 2 3 5 6 7 8 9 10 11 | 11.3
Maces & Flails | 1 2 3 5 6 7 8 9 10 11 | 11.3
Polearms       | 1 2 3 5 6 7 8 9 10 11 | 11.3
Staves         | 1 2 3 5 6 7 8 9 10 11 | 11.3
Ranged Weapons | 1 2 3 5 6 7 8 9 10 11 | 11.3
Throwing       | 1 2 3 5 6 7 8 9 10 11 | 11.3
Armour         | 1 2 3 5 6 7 8 9 10 11 | 11.3
Dodging        | 1 2 3 5 6 7 8 9 10 11 | 11.3
Shields        | 1 2 3 5 6 7 8 9 10 11 | 11.3
Unarmed Combat | 1 2 3 5 6 7 8 9 10 11 | 11.3
Invocations    | 1 2 3 4 5 6 7 8 10 11 12 | 12.2
Spellcasting   | 3 4 5 6 7 8 9 10 11 | 11.6
Conjurations   | 1 2 3 4 5 6 7 8 9 |  9.5
Hexes          | 1 2 3 4 5 6 7 8 9 |  9.5
Summonings     | 1 2 3 4 5 6 7 8 9 |  9.5
Translocations | 1 2 3 4 5 6 7 8 9 |  9.5
Transmutations | 1 2 3 4 5 6 7 8 9 |  9.5
Fire Magic     | 1 2 3 4 5 6 7 8 9 |  9.5
Ice Magic      | 1 2 3 4 5 6 7 8 9 |  9.5
Air Magic      | 1 2 3 4 5 6 7 8 9 |  9.5
Earth Magic    | 1 2 3 4 5 6 7 8 9 |  9.5
Poison Magic   | 1 2 3 4 5 6 7 8 9 |  9.5
Evocations     | 3 4 5 6 7 8 9 10 11 | 11.6
Stealth        | 3 4 5 6 7 8 9 10 11 | 11.5
Fighting       | 7 8 9 10 11 12 | 12.9
Necromancy     | 8 9 10 11 | 11.8

Action                   |  1- 3 |  4- 6 |  7- 9 | 10-12 | 13-15 | 16-18 || total
-------------------------+-------+-------+-------+-------+-------+-------++-------
Melee: Dagger            |   100 |   119 |       |       |       |       ||   219
       Bite              |    14 |    22 |    24 |    54 |    92 |    31 ||   237
       Club              |     3 |       |       |       |       |       ||     3
       Punch             |     1 |     2 |     4 |    13 |    49 |    17 ||    86
       Demon trident     |       |    77 |   344 |   414 |   741 |   170 ||  1746
       Mace              |       |       |       |    32 |    45 |     7 ||    84
Throw: Dart              |       |       |       |       |     2 |       ||     2
 Cast: Call Canine Famil |       |       |    10 |    92 |   149 |    18 ||   269
       Summon Guardian G |       |       |       |    20 |    66 |     4 ||    90
       Animate Dead      |       |       |       |    12 |    29 |     6 ||    47
       Flame Wave        |       |       |       |       |     3 |     2 ||     5
       Irradiate         |       |       |       |       |    13 |    12 ||    25
       Borgnjor's Vile C |       |       |       |       |       |     1 ||     1
Invok: Draw Destruction  |       |       |       |     3 |    31 |     3 ||    37
       Draw Escape       |       |       |       |     1 |    14 |     8 ||    23
       Draw Summoning    |       |       |       |       |     8 |     3 ||    11
       Triple Draw       |       |       |       |       |     3 |       ||     3
Evoke: Wand              |       |       |       |       |     2 |     6 ||     8
  Use: Scroll            |       |     8 |     5 |     4 |    18 |     1 ||    36
       Potion            |       |       |     2 |       |     3 |     1 ||     6
 Stab: Sleeping          |     1 |    10 |    11 |     5 |     3 |     2 ||    32
       Distracted        |       |       |       |    12 |    16 |     4 ||    32
Armor: Leather armour    |    44 |    66 |     8 |       |       |       ||   118
       Acid dragon scale |       |       |    77 |   110 |   293 |    61 ||   541
Dodge: Dodged            |    40 |    95 |   144 |   237 |   559 |   135 ||  1210
Block: Other             |    15 |    37 |    58 |    74 |   172 |    34 ||   390
       Reflection        |       |       |     2 |       |     3 |     1 ||     6
